 Dungeon Crawl Stone Soup version 0.21-a0-531-gacddea6133 (webtiles) character file.

11487 Murumi the Fighter (level 11, -2/73 HPs)
             Began as a Gargoyle Fighter on Dec 12, 2017.
             Was an Elder of Elyvilon.
             Slain by a minotaur
             ... wielding a +3 halberd
              (36 damage)
             ... in a labyrinth.
             The game lasted 00:50:32 (13077 turns).

Murumi the Fighter (Gargoyle Fighter)              Turns: 13077, Time: 00:50:33

Health: -2/73      AC: 25    Str: 22    XL:     11   Next: 78%
Magic:  13/18      EV: 13    Int: 10    God:    Elyvilon [****..]
Gold:   419        SH:  0    Dex: 16    Spells: 10/10 levels left

rFire    . . .     SeeInvis .   q - +0 morningstar
rCold    + . .     Gourm    .   (no shield)
rNeg     + . .     Faith    .   o - +0 plate armour
rPois    ∞         Spirit   .   (helmet restricted)
rElec    +         Reflect  .   (no cloak)
rCorr    .         Harm     .   (no gloves)
MR       +....                  B - +2 pair of boots
Stlth    ..........             (no amulet)
HPRegen  0.22/turn              y - ring of protection from cold
MPRegen  0.16/turn              d - ring of protection from magic

@: agile, very slightly contaminated, invisible
A: horns 1, agile 1, negative energy resistance 1, electricity resistance,
unbreathing, petrification resistance, rot immunity, AC +8
a: Lesser Healing, Heal Other, Purification, Greater Healing, Divine Protection,
Renounce Religion


You were in a labyrinth.
You worshipped Elyvilon.
Elyvilon was greatly pleased with you.
You were not hungry.

You visited 3 branches of the dungeon, and saw 14 of its levels.
You also visited: Labyrinth.

You collected 419 gold pieces.

Inventory:

Hand Weapons
 q - a +0 morningstar (weapon)
Missiles
 h - 195 stones (quivered)
Armour
 c - a +0 shield
 o - a +0 plate armour (worn)
 p - a +2 helmet
 B - a +2 pair of boots (worn)
Jewellery
 d - a ring of protection from magic (right hand)
 y - a ring of protection from cold (left hand)
Scrolls
 g - 3 scrolls of fog
 i - 4 scrolls of identify
 j - 5 scrolls of teleportation
 s - 2 scrolls of remove curse
 t - a scroll of enchant weapon
 x - 3 scrolls of fear
 A - 2 scrolls of amnesia
 C - a scroll of blinking
 E - a scroll of enchant armour
Potions
 b - a potion of brilliance
 e - 3 potions of haste
 k - 6 potions of curing
 m - 2 potions of magic
 n - 3 potions of cancellation
 r - 3 potions of heal wounds
 u - a potion of invisibility
 v - a potion of flight
 w - 2 potions of agility
Comestibles
 a - a meat ration
 f - 9 bread rations
 l - 4 royal jellies


   Skills:
 + Level 10.9 Fighting
 - Level 9.0 Maces & Flails
 - Level 10.0 Armour
 - Level 3.1 Dodging
 - Level 3.2 Shields
 - Level 10.0 Invocations


You had 10 spell levels left.
You didn't know any spells.

Dungeon Overview and Level Annotations

Branches:
Dungeon (9/15)             Temple (1/1) D:4            Lair (4/6) D:8
 Shoals (0/4) Lair:4       Spider (0/4) Lair:3
    Orc: D:9-12

Altars:
Ashenzari
Cheibriados
Dithmenos
Elyvilon
Fedhas
Gozag
Hepliaklqana
Kikubaaqudgha
Makhleb
Nemelex Xobeh
Okawaru
Qazlal
Ru
Sif Muna
Trog
Uskayaw
Vehumet
Wu Jian
Xom
Zin
The Shining One

Annotations:
D:7 2 transporters
Lair:1 exclusion: 3 oklob plants


Innate Abilities, Weirdness & Mutations

You are resistant to torment.
Your stone body is resilient. (AC +8)
You are immune to poison.
You resist negative energy. (rN+)
You are resistant to electric shocks. (rElec)
You can survive without breathing.
You are immune to petrification.
You are immune to rotting.
You have a pair of small horns on your head.
You are agile. (Dex +2)


Message History

You hit the minotaur but do no damage.
The minotaur is severely wounded.
The minotaur misses you. The minotaur closely misses you.
You hit the minotaur.
The minotaur is severely wounded.
The minotaur misses you.
The minotaur gores you but does no damage.
You hit the minotaur.
The minotaur is severely wounded.
The minotaur misses you.
The minotaur gores you but does no damage.
You sock the minotaur!
You headbutt the minotaur, but do no damage.
The minotaur is almost dead.
The minotaur hits you with an enchanted halberd!!
The minotaur gores you but does no damage.
You closely miss the minotaur. You headbutt the minotaur.
The minotaur is almost dead.
The minotaur hits you with an enchanted halberd!!!
You die...

. . . ####
####### #
#<# #. #.
#.# #.##
###..
#.#.# .# .
. #
#.#.##.###
.#.# #(#..
.. . .#. .
#H#.###
###.#.##.
#@#.# # .
#.#.# # ##
#...#
...#.
#.###
####. # #
#.# # .
### ###


You could see a minotaur.

Vanquished Creatures
  A two-headed ogre (D:8)
  Pikel (D:6)
  An orb spider (Lair:3)
  2 black mambas
  A spiny frog (Lair:2)
  5 komodo dragons
  Grinder (D:3)
  4 blink frogs (Lair:1)
  2 hippogriffs
  7 yaks
  2 hungry ghosts
  A basilisk (Lair:3)
  Menkaure (D:4)
  4 water moccasins
  8 porcupines
  2 orc warriors
  2 hell hounds (D:8)
  A slave (D:6)
  A sky beast (D:5)
  A black bear (D:6)
  12 wolves
  An ogre (D:8)
  4 crocodiles (Lair:3)
  4 bullfrogs
  A water moccasin zombie (D:6)
  A killer bee (D:8)
  A howler monkey (D:8)
  An electric eel (Lair:3)
  2 crimson imps
  A centaur zombie (D:6)
  5 hounds
  A jelly (D:6)
  4 orc priests
  2 orc wizards
  2 iguanas (D:6)
  Jessica (D:2)
  Natasha (thrice) (D:2)
  10 worker ants
  A killer bee zombie (D:6)
  Robin (D:2)
  7 adders
  A shadow imp (D:6)
  2 adder skeletons
  4 worms
  3 dart slugs
  6 leopard geckos
  15 orcs
  A ball python (D:6)
  8 bats
  5 giant cockroaches
  13 goblins
  10 hobgoblins
  6 jackals
  6 kobolds
  3 quokkas
  6 frilled lizards
  6 rats
208 creatures vanquished.

Vanquished Creatures (others)
  2 hounds (D:7)
  A fungus (Lair:3)
  2 plants
5 creatures vanquished.

Grand Total: 213 creatures vanquished

Notes
Turn   | Place    | Note
-------+----------+-------------------------------------------
     0 | D:1      | Murumi the Gargoyle Fighter began the quest for the Orb.
     0 | D:1      | Reached XP level 1. HP: 14/14 MP: 1/1
   100 | D:1      | Reached skill level 1 in Dodging
   115 | D:1      | Reached XP level 2. HP: 18/19 MP: 2/2
   495 | D:1      | Reached XP level 3. HP: 23/23 MP: 3/3
   791 | D:2      | Noticed Natasha
   807 | D:2      | Killed Natasha
   807 | D:2      | Reached XP level 4. HP: 9/29 MP: 4/4
  1041 | D:2      | Noticed Natasha
  1059 | D:2      | Killed Natasha
  1230 | D:2      | Reached XP level 5. HP: 29/33 MP: 5/5
  1483 | D:2      | Noticed Jessica
  1500 | D:2      | Killed Jessica
  1638 | D:2      | Noticed Natasha
  1644 | D:2      | Killed Natasha
  2067 | D:2      | Noticed Robin
  2087 | D:2      | Reached skill level 5 in Fighting
  2087 | D:2      | Reached XP level 6. HP: 35/40 MP: 6/6
  2104 | D:2      | Killed Robin
  2490 | D:3      | Noticed Grinder
  2499 | D:3      | Paralysed by Grinder for 3 turns
  2509 | D:3      | Killed Grinder
  2509 | D:3      | Reached XP level 7. HP: 44/44 MP: 7/7
  2654 | D:3      | Found a shattered altar of Ashenzari.
  3003 | D:4      | Found a staircase to the Ecumenical Temple.
  3012 | Temple   | Entered the Ecumenical Temple
  3463 | D:4      | Found a white marble altar of Elyvilon.
  3471 | D:4      | Became a worshipper of Elyvilon the Healer
  3502 | D:4      | Noticed a dagger
  3503 | D:4      | Noticed a hand axe
  3511 | D:4      | Found a hide-covered altar of Uskayaw.
  3774 | D:4      | Noticed Menkaure
  3784 | D:4      | Killed Menkaure
  3784 | D:4      | Reached skill level 5 in Maces & Flails
  4114 | D:4      | Found an ancient bone altar of Kikubaaqudgha.
  4344 | D:5      | Entered Level 5 of the Dungeon
  4420 | D:5      | Reached skill level 1 in Invocations
  4556 | D:5      | Gained mutation: You are agile. (Dex +2) [mutagenic meat]
  4577 | D:5      | Found a radiant altar of Vehumet.
  4722 | D:5      | Reached * piety under Elyvilon
  4764 | D:5      | Reached XP level 8. HP: 49/49 MP: 9/11
  5229 | D:5      | Found an ornate altar of the Wu Jian Council.
  5229 | D:5      | Found a bloodstained altar of Trog.
  5230 | D:5      | Found an iron altar of Okawaru.
  5416 | D:6      | Reached ** piety under Elyvilon
  5446 | D:6      | Reached skill level 5 in Invocations
  5455 | D:6      | Found a blossoming altar of Fedhas.
  6115 | D:6      | Lost mutation: You are agile. (Dex +2) [potion of mutation]
  6115 | D:6      | Gained mutation: You are agile. (Dex +2) [potion of mutation]
  6115 | D:6      | Gained mutation: You have a pair of small horns on your head. [potion of mutation]
  6217 | D:7      | Noticed Pikel
  6247 | D:6      | Killed Pikel
  6247 | D:6      | Reached XP level 9. HP: 38/56 MP: 12/15
  6712 | D:7      | Found a transporter.
  6716 | D:7      | Noticed a kobold demonologist
  6727 | D:7      | Found a transporter.
  7065 | D:7      | Identified a scroll of acquirement
  7304 | D:8      | Found a staircase to the Lair.
  7505 | D:8      | Found a sparkling altar of Nemelex Xobeh.
  7611 | D:8      | Noticed a two-headed ogre
  7627 | D:8      | Killed a two-headed ogre
  7627 | D:8      | Reached XP level 10. HP: 27/66 MP: 16/16
  7765 | D:8      | Found a radiant altar of Vehumet.
  7767 | D:8      | Reached *** piety under Elyvilon
  7772 | D:8      | Found a shadowy altar of Dithmenos.
  8097 | D:8      | Found an opulent altar of Gozag.
  8465 | Lair:1   | Entered Level 1 of the Lair of Beasts
  8718 | Lair:1   | Found a snail-covered altar of Cheibriados.
  8759 | Lair:1   | Reached **** piety under Elyvilon
  8797 | Lair:1   | Noticed an oklob plant
  8801 | Lair:1   | Noticed an oklob plant
  9459 | Lair:1   | Noticed an oklob plant
  9782 | Lair:2   | Noticed a spiny frog
  9793 | Lair:2   | Killed a spiny frog
 10710 | Lair:3   | Reached ***** piety under Elyvilon
 10786 | Lair:3   | Reached XP level 11. HP: 54/71 MP: 17/17
 11130 | Lair:3   | Found a hole to the Spider Nest.
 11130 | Lair:3   | Noticed an orb spider
 11148 | Lair:3   | Killed an orb spider
 11172 | Lair:3   | Reached skill level 10 in Fighting
 11554 | Lair:3   | Reached skill level 10 in Armour
 12284 | Lair:3   | Reached skill level 10 in Invocations
 12475 | Lair:4   | Found a staircase to the Shoals.
 12511 | Lair:4   | Noticed a seven-headed hydra
 12512 | Lair:4   | Pacified a seven-headed hydra
 12539 | Lair:4   | Found a labyrinth entrance.
 12548 | Lab      | Entered a labyrinth
 13051 | Lab      | Noticed a minotaur
 13077 | Lab      | Slain by a minotaur

Vault maps used:
D:1:      tarquinn_simple_flora_water_b, minmay_tree_intersection,
          minmay_misc_feat_chi, minmay_small_reverse_x
D:2:      uniq_natasha, uniq_robin, uniq_jessica
D:3:      cheibrodos_ashenzari_chains, minmay_cupped, uniq_grinder
D:4:      dancing_weapons_uskayaw, elyvilon_altar_5, kennysheep_mini_moat,
          temple_fountains, item_on_display_a, uniq_menkaure
D:5:      gammafunk_temple_overflow_claw, first_bread, grunt_decor_arrowhead,
          vehumet_altar_wand_db
D:6:      nicolae_overflow_crystal_walls
D:7:      gammafunk_wand_slinger, uniq_pikel
D:8:      nemelex_xobeh_ov_fountains_minmay, grunt_temple_overflow_open,
          nicolae_overflow_hidden_temple, minmay_lair_entry_lava
D:9:      kennysheep_mini
Temple:   compressed_dpeg_triangle_lava_temple
Lair:1:   basic_altar, minmay_hedge_maze, minmay_lair_oklob_chamber,
          grunt_megastairs_5, serial_bayou_shore_b
Lair:3:   nicolae_spider_entry_orb_guardian, beast_lair_carwin_7,
          grunt_megastairs_4, serial_bayou_shore_a
Lair:4:   shoals_dummy_entry, lab_entry_generic, enter_volcano_1,
          lemuel_centaur_altar, grunt_megastairs_1
Lab:      labyrinth_mini_lab, nicolae_lab_x

Skill      XL: |  1  2  3  4  5  6  7  8  9 10 11 |
---------------+----------------------------------+-----
Dodging        | 1 2 3 |  3.1
Maces & Flails | 3 4 5 8 9 |  9.0
Fighting       | 4 5 6 9 10 | 10.9
Armour         | 4 6 9 10 | 10.0
Invocations    | 4 8 9 10 | 10.0
Shields        | |  3.2

Action                   |  1- 3 |  4- 6 |  7- 9 | 10-12 || total
-------------------------+-------+-------+-------+-------++-------
Melee: Flail             |    70 |   136 |   408 |     2 ||   616
       Headbutt          |       |       |    31 |    91 ||   122
       Morningstar       |       |       |       |   422 ||   422
Throw: Stone             |    48 |    98 |   134 |   108 ||   388
Invok: Lesser Healing    |       |       |    19 |    11 ||    30
       Greater Healing   |       |       |       |     5 ||     5
       Heal Other        |       |       |       |     1 ||     1
  Use: Scroll            |     3 |     8 |    12 |     3 ||    26
       Potion            |       |       |     4 |     2 ||     6
 Stab: Invisible         |       |       |       |     2 ||     2
  Eat: Chunk             |       |     5 |    17 |    13 ||    35
       Fruit             |       |       |    10 |       ||    10
       Royal jelly       |       |       |     2 |       ||     2
       Meat ration       |       |       |     1 |     2 ||     3
Armor: Scale mail        |     2 |       |       |       ||     2
       Chain mail        |    46 |    99 |   239 |       ||   384
       Plate armour      |       |       |    89 |   362 ||   451
Dodge: Dodged            |    27 |    50 |   174 |   177 ||   428

Table legend:
 A = Spawn XP
 B = Non-spawn XP
 C = Spawn XP percentage of total XP
 D = Spawn monster count
 E = Non-spawn monster count
 F = Spawn count percentage of total count
 G = Total turns spent on level
                    A         B        C        D         E        F      G
               +---------+---------+-------+---------+---------+-------+---------
         Total |       0 |   15926 |   0.0 |       0 |     207 |   0.0 | 13077
               +---------+---------+-------+---------+---------+-------+---------
           D:1 |       0 |      42 |   0.0 |       0 |      22 |   0.0 |  1006
           D:2 |       0 |     308 |   0.0 |       0 |      46 |   0.0 |  1325
           D:3 |       0 |     303 |   0.0 |       0 |      12 |   0.0 |   651
           D:4 |       0 |     215 |   0.0 |       0 |       3 |   0.0 |  1104
           D:5 |       0 |     387 |   0.0 |       0 |      14 |   0.0 |   999
           D:6 |       0 |    1341 |   0.0 |       0 |      23 |   0.0 |   960
           D:7 |       0 |     687 |   0.0 |       0 |      14 |   0.0 |   962
           D:8 |       0 |    1862 |   0.0 |       0 |      18 |   0.0 |  1163
        Lair:1 |       0 |    1690 |   0.0 |       0 |       9 |   0.0 |  1088
        Lair:2 |       0 |    2135 |   0.0 |       0 |      11 |   0.0 |  1191
        Lair:3 |       0 |    5761 |   0.0 |       0 |      29 |   0.0 |  1728
        Lair:4 |       0 |    1195 |   0.0 |       0 |       6 |   0.0 |    76
               +---------+---------+-------+---------+---------+-------+---------
